Euphox, chaotic male human Wizard -------- |......| --------------- ------------ |......| |.............| ###.........<.| |.......#########.........^....| # |..........| -------- ###|.............-## |..........| ###..............| ------------ ### --------.-.---- --------- # ### |((((((.-##################### # |((((((.| # #i##################### |(]((((. # e ---.----- |(((((( # # |.......| ------- ------------# ---.----------- |.......| |..........|# |.............| |.......| |..........|# |.......>.....| |.......| |..........|# |.............| |.......| |.(........-# |._...........| |.......| |..........| |.............| --------- ------------ --------------- Euphox the Conjurer Experience level: 5 Strength: 9 Dexterity: 16 Constitution: 15 Intelligence: 15 Wisdom: 11 Charisma: 9 Health: 0(38) Energy: 54(56) AC: 8 Gold: 11 Moves: 1391 Your Inventory: Coins $ - 11 gold pieces Weapons a - a blessed +2 quarterstaff Armor b - a blessed +1 cloak of magic resistance (being worn) Scrolls k - an uncursed scroll of identify x - a cursed scroll labeled LOREN IPSUM [of destroy armor] Spellbooks l - a blessed spellbook of force bolt m - an uncursed spellbook of charm monster Potions f - an uncursed potion of healing h - an uncursed potion of paralysis w - an uncursed potion of invisibility Rings d - an uncursed ring of shock resistance (on right hand) e - an uncursed ring of polymorph control (on left hand) Wands c - an uncursed wand of light (0:15) s - an uncursed wand of digging [0:3] Tools n - an uncursed magic marker (0:74) o - an uncursed tin whistle t - an uncursed [+0] pick-axe (weapon in hand) Gems p - an uncursed yellowish brown gem [worthless glass] Spells known in the end: Name Level Category Fail Memory a - force bolt 1 attack 0% [||||||||] b - charm monster 3 enchantment 0% [||||||||] Your skills at the end: Fighting Skills Weapon Skills quarterstaff [Basic / Expert] Spellcasting Skills attack spells [Basic / Expert] enchantment spells [Basic / Skilled] Final Attributes: You were devoutly aligned. Hunger level was 85. Your alignment was 16 / 16. Monster difficulty range was 0 - 4. Level difficulty was 3. You were immune to electricity. You were magic-protected. You were invisible. You aggravated monsters. You had polymorph control. Your luck was zero. You are dead. Vanquished creatures: a kitten a giant bat 3 dwarf zombies an iguana 2 coyotes 3 manes a gnome zombie 3 geckos a goblin a sewer rat 2 grid bugs 2 lichens 4 newts 25 creatures vanquished. Voluntary challenges: You used a wielded weapon 24 times. You read items or engraved 4 times. You put on armor 1 time. You never genocided any monsters. You never polymorphed an object. You never changed form. You used no wishes. You never wrote Elbereth's name. You never encountered a bones level. You never used any Sokoban shortcuts. Dungeon overview: The Dungeons of Doom: levels 1 to 3 Level 1 a long staircase Level 2 a long staircase Level 3 <- You were here a tool shop, an altar History has recorded: On T:1 you entered the Dungeons of Doom to retrieve the Amulet of Yendor! On T:426 you advanced to experience level 2. On T:450 you reached level 2 of The Dungeons of Doom. On T:576 you advanced to experience level 3. On T:924 you reached level 3 of The Dungeons of Doom. On T:1027 you advanced to experience level 4. On T:1248 you advanced to experience level 5. Latest messages: [HP-7=10] The spell hits the giant bat! You kill the giant bat! [HP+1=11] You are beginning to feel hungry. [HP+1=12] You hit the floating eye. You are frozen by the floating eye's gaze! [HP+1=13] [HP+1=14] [HP+1=15] [HP+1=16] [HP+1=17] [HP+1=18] The manes hits! (2x) The manes bites! [HP-6=12] [HP+1=13] The manes hits! (2x) The manes bites! [HP-6=7] The manes hits! (2x) The manes bites! You die... Final status: Goodbye Euphox the Wizard... You died in The Dungeons of Doom on dungeon level 3 with 690 points, and 11 pieces of gold, after 1391 moves. You were level 5 with a maximum of 38 hit points when you died.